 Dungeon Crawl Stone Soup version 0.29-a0-284-gf9362112df (webtiles) character file.

Game seed: 2876131949186828311

10194 Rohain the Thaumaturge (level 11, -2/66 HPs)
             Began as a Djinni Fire Elementalist on Mar 15, 2022.
             Was a Believer of Makhleb.
             Slain by a boulder beetle (24 damage)
             ... on level 11 of the Dungeon.
             The game lasted 00:24:28 (11687 turns).

Rohain the Thaumaturge (Djinni Fire Elementalist)  Turns: 11687, Time: 00:24:28

Health: -2/66      AC:  6    Str:  7    XL:     11   Next: 88%
Gold:   339        EV: 20    Int: 22    God:    Makhleb [**....] SH:  0 Dex: 13

rFire   + + +      SeeInvis .   j - staff of fire
rCold   x . .      Faith    .   (no shield)
rNeg    . . .      Spirit   .   y - +0 troll leather armour
rPois   ∞          Reflect  .   C - +0 helmet
rElec   .          Harm     .   v - +0 cloak
rCorr   .          Rampage  .   (no gloves)
Will    +....                   (boots unavailable)
Stlth   ++........              (no amulet)
HPRegen 1.01/turn               m - +4 ring of evasion
MPRegen 0.00/turn               t - +4 ring of evasion

@: flying
A: sickness immunity, fire resistance 2, cold vulnerability 1, float, innate
caster, HP casting, extra vitality 1
a: Renounce Religion, Minor Destruction


You were on level 11 of the Dungeon.
You worshipped Makhleb.
Makhleb was pleased with you.
You visited 2 branches of the dungeon, and saw 12 of its levels.

You collected 605 gold pieces.
You spent 266 gold pieces at shops.

Inventory:

Missiles
 f - a throwing net
Armour
 a - a +1 robe
 v - a +0 cloak (worn)
 y - a +0 troll leather armour (worn)
 C - a +0 helmet (worn)
Magical Staves
 e - a staff of poison
 j - a staff of fire (weapon)
Jewellery
 m - a +4 ring of evasion (left hand)
 t - a +4 ring of evasion (right hand)
 A - an amulet of faith
 D - a ring of protection from cold
 E - a ring of willpower
Wands
 g - a wand of acid (5)
 r - a wand of iceblast (14)
 x - a wand of paralysis (8)
 F - a wand of flame (15)
Scrolls
 d - a scroll of holy word
 k - 2 scrolls of fog
 n - 2 scrolls of noise
 o - 2 scrolls of vulnerability
 p - a scroll of teleportation
 B - 2 scrolls of enchant armour
 G - a scroll of fear
Potions
 b - a potion of magic {unknown}
 c - a potion of mutation
 h - a potion of flight
 i - 2 potions of invisibility
 l - a potion of berserk rage
 q - a potion of degeneration {unknown}
 s - 2 potions of cancellation
 u - a potion of ambrosia {unknown}
 w - 2 potions of might
 z - 4 potions of brilliance


   Skills:
 + Level 0.8 Fighting
 + Level 1.6 Armour
 + Level 3.6 Dodging
 - Level 1.8 Stealth
 * Level 13.6 Spellcasting


You had 12 spell levels left.
You knew the following spells:

 Your Spells              Type           Power      Damage    Failure   Level
a - Foxfire               Conj/Fire      100%       2x1d9     1%          1
b - Scorch                Fire           100%       2d10      1%          2
c - Conjure Flame         Conj/Fire      85%        6-21      1%          3
d - Inner Flame           Hex/Fire       85%        N/A       1%          3
e - Flame Wave            Conj/Fire      85%        2d15      1%          4
f - Sting                 Tmut/Pois      100%       1d8       1%          1
g - Static Discharge      Conj/Air       66%        N/A       1%          2
h - Searing Ray           Conj           100%       2d8       1%          2
i - Vampiric Draining     Necr           66%        2d10      1%          3
j - Animate Dead          Necr           33%        N/A       1%          4
Your spell library was empty.

Dungeon Overview and Level Annotations

Branches:
Dungeon (11/15)            Temple (1/1) D:7            Lair (0/6) D:9
    Orc: D:9-12

Altars:
Ashenzari
Cheibriados
Dithmenos
Elyvilon
Fedhas
Gozag
Hepliaklqana
Kikubaaqudgha
Makhleb
Nemelex Xobeh
Okawaru
Qazlal
Ru
Sif Muna
Trog
Uskayaw
Vehumet
Wu Jian
Xom
Yredelemnul
Zin
The Shining One

Shops:
D:8 *

Annotations:
D:5 3 runed translucent doors, Cecur's ghost, novice FoFi
D:9 4 runed translucent doors
D:10 1 runed translucent door, Cecur's ghost, journeyman FoFi


Innate Abilities, Weirdness & Mutations

You are immune to sickness and miasma.
You are immune to poison.
Your flesh is very heat resistant. (rF++)
You are vulnerable to cold. (rC-)
You float through the air rather than walking.
You learn spells naturally, not from books.
Your magical power is your life essence.
You have superior vitality. (+4 MHP)


Message History

Found an escape hatch in the floor.
Found a stone staircase leading down.
Found a glowing long sword.
Something closely misses you.
You hit something but do no damage. Something hits you but does no damage.
Something hits you. Something hits you.
Casting: Scorch (safe; 1% risk of failure)
Confirm with . or Enter, or press ? or * to list all spells.
You can't see any susceptible monsters within range! (Use Z to cast anyway.)
Casting: Scorch (safe; 1% risk of failure)
Confirm with . or Enter, or press ? or * to list all spells.
You feel a surge of power!
Flames lash something.
Something hits you.
Casting: Scorch (safe; 1% risk of failure)
Confirm with . or Enter, or press ? or * to list all spells.
You feel a surge of power!
Flames lash something.
Something hits you.
Casting: Scorch (safe; 1% risk of failure)
Confirm with . or Enter, or press ? or * to list all spells.
You feel a surge of power!
Flames lash the boulder beetle but do no damage.
Something hits you.
The boulder beetle curls into a ball and begins rolling!
Casting: Scorch (safe; 1% risk of failure)
Confirm with . or Enter, or press ? or * to list all spells.
You feel a surge of power!
Flames lash the boulder beetle but do no damage.
Something hits you but does no damage. Something hits you.
The boulder beetle hits you!!
The boulder beetle stops rolling and uncurls.
Casting: Scorch (safe; 1% risk of failure)
Confirm with . or Enter, or press ? or * to list all spells.
You feel a surge of power!
Flames lash the boulder beetle.
The boulder beetle is lightly wounded.
The boulder beetle's fire resistance burns away.
Something hits you.
The boulder beetle completely misses you.
Something closely misses you.
Casting: Scorch (safe; 1% risk of failure)
Confirm with . or Enter, or press ? or * to list all spells.
You feel a surge of power!
Flames lash something.
Something hits you but does no damage. The boulder beetle bites you!!
You die...

##### .
#...#####..
####...#...... #
##......#..... .#
#..........>....+
#........##+#...#
#..............).
#.........B......
#....####@.>.....
#<...# #........
.. #....#
#......... .
#.#########.####..
# #...........#
#...## # #
#....!......#
#...#. ..#
#...........#
..... ...
##.........
...###..
#.........
##......


You could see a boulder beetle (combustible).

Vanquished Creatures
  Urug (D:10)
  Pikel (D:6)
  Joseph (D:10)
  Psyche (D:8)
  A komodo dragon (D:10)
  3 trolls
  2 hornets (D:9)
  Sigmund (D:2)
  2 shadows
  A wyvern (D:10)
  A wraith (D:11)
  12 yaks
  Grum (D:8)
  A steam dragon (D:6)
  Menkaure (D:6)
  2 acid dragons (D:9)
  2 water moccasins
  A sky beast (D:6)
  Duvessa (D:7)
  3 ice beasts
  2 orc warriors
  An ogre (D:5)
  2 wolves (D:8)
  4 centaurs
  A lemure (D:6)
  A phantom (D:4)
  A kobold brigand (D:9)
  4 bullfrogs
  2 gnoll sergeants
  3 scorpions
  19 wights
  Dowan (D:7)
  2 howler monkeys
  5 hounds
  6 orc priests
  A gnoll shaman (D:5)
  2 jellies
  7 orc wizards
  Crazy Yiuf (D:6)
  8 adders
  16 gnolls
  3 shadow imps
  2 white imps (D:5)
  3 ufetubi
  A worm (D:3)
  4 dart slugs
  40 orcs
  9 bats
  7 endoplasms
  2 giant cockroaches (D:4)
  9 hobgoblins
  4 jackals (D:5)
  13 kobolds
  4 quokkas
  8 ball pythons
  3 frilled lizards
  15 goblins
  6 rats
261 creatures vanquished.

Vanquished Creatures (others)
  An orc wizard (D:9)
  375 foxfires
  2 plants
378 creatures vanquished.

Grand Total: 639 creatures vanquished

Notes
Turn   | Place    | Note
-------+----------+-------------------------------------------
     0 | D:1      | Rohain the Djinni Fire Elementalist began the quest for the
                  | Orb.
     0 | D:1      | Reached XP level 1. HP: 15/15 MP: 0/0
   175 | D:1      | Reached XP level 2. HP: 15/21 MP: 0/0
   531 | D:1      | Reached skill level 3 in Spellcasting
   531 | D:1      | Reached XP level 3. HP: 20/25 MP: 0/0
   531 | D:1      | Learned a level 1 spell: Sting
  1587 | D:2      | Reached XP level 4. HP: 23/31 MP: 0/0
  1875 | D:2      | Noticed Sigmund
  1881 | D:2      | Killed Sigmund
  1882 | D:2      | Reached skill level 4 in Spellcasting
  1882 | D:2      | Reached XP level 5. HP: 22/35 MP: 0/0
  1882 | D:2      | Learned a level 2 spell: Static Discharge
  1882 | D:2      | Reached XP level 6. HP: 25/40 MP: 0/0
  2605 | D:3      | Reached skill level 5 in Spellcasting
  2861 | D:3      | Reached XP level 7. HP: 25/45 MP: 0/0
  2861 | D:3      | Learned a level 2 spell: Searing Ray
  3120 | D:3      | Noticed a water moccasin
  3122 | D:3      | Killed a water moccasin
  3374 | D:3      | Reached skill level 6 in Spellcasting
  4123 | D:4      | Found an ornate altar of the Wu Jian Council.
  4471 | D:4      | Reached XP level 8. HP: 44/51 MP: 0/0
  5020 | D:5      | Entered Level 5 of the Dungeon
  5034 | D:5      | Reached skill level 7 in Spellcasting
  5830 | D:5      | Reached skill level 8 in Spellcasting
  6004 | D:5      | Reached XP level 9. HP: 51/56 MP: 0/0
  6004 | D:5      | Learned a level 3 spell: Vampiric Draining
  6274 | D:5      | Found a runed translucent gate.
  6274 | D:5      | Found a runed translucent gate.
  6274 | D:5      | Found a runed translucent gate.
  6274 | D:5      | Found an opulent altar of Gozag.
  6275 | D:5      | Noticed Cecur's ghost (novice FoFi)
  6575 | D:6      | Noticed Pikel
  6970 | D:6      | Killed Pikel
  6971 | D:6      | Reached skill level 9 in Spellcasting
  6978 | D:6      | Noticed Menkaure
  7178 | D:6      | Killed Menkaure
  7349 | D:6      | Found a runed translucent door.
  7350 | D:6      | Noticed Crazy Yiuf
  7458 | D:6      | Reached skill level 10 in Spellcasting
  7795 | D:6      | Reached XP level 10. HP: 52/61 MP: 0/0
  7963 | D:6      | Killed Crazy Yiuf
  8069 | D:7      | Noticed Dowan
  8071 | D:7      | Noticed Duvessa
  8077 | D:7      | Killed Duvessa
  8084 | D:7      | Killed Dowan
  8580 | D:7      | Reached skill level 11 in Spellcasting
  8697 | D:7      | Found a staircase to the Ecumenical Temple.
  8708 | Temple   | Entered the Ecumenical Temple
  9161 | Temple   | Became a worshipper of Makhleb the Destroyer
  9574 | D:8      | Found Ciraot's Assorted Antiques.
  9576 | D:8      | Noticed Psyche
  9607 | D:8      | Reached * piety under Makhleb
  9616 | D:8      | Killed Psyche
  9704 | D:8      | Bought a helmet for 126 gold pieces
  9704 | D:8      | Bought an iron ring for 140 gold pieces
  9984 | D:8      | Noticed Grum
  9996 | D:8      | Killed Grum
  9997 | D:8      | Reached skill level 1 in Armour
 10160 | D:9      | Found a huge runed translucent gate.
 10162 | D:9      | Found a huge runed translucent gate.
 10163 | D:9      | Found a huge runed translucent gate.
 10164 | D:9      | Found a huge runed translucent gate.
 10198 | D:9      | Reached skill level 12 in Spellcasting
 10205 | D:9      | Reached XP level 11. HP: 58/66 MP: 0/0
 10205 | D:9      | Learned a level 4 spell: Animate Dead
 10291 | D:9      | Reached ** piety under Makhleb
 10440 | D:9      | Found a staircase to the Lair.
 10700 | D:10     | Entered Level 10 of the Dungeon
 10762 | D:10     | Reached skill level 13 in Spellcasting
 10905 | D:10     | Noticed Joseph
 10923 | D:10     | Killed Joseph
 10970 | D:10     | Noticed Urug
 10984 | D:10     | HP: 2/66 [Urug/javelin (20)]
 10999 | D:10     | Killed Urug
 11087 | D:10     | Found a runed translucent door.
 11088 | D:10     | Noticed Cecur's ghost (journeyman FoFi)
 11630 | D:11     | Noticed a manticore
 11634 | D:11     | Noticed a boulder beetle
 11635 | D:11     | Noticed a deep elf pyromancer
 11687 | D:11     | Slain by a boulder beetle

Illustrated notes

Levels and vault maps discovered:
D:1:      minmay_arrival_stair_chambers, layout_rooms, st_stairs_11,
          minmay_misc_feat_hallway, minmay_quantized
D:2:      cheibrodos_greedy_goblins, layout_basic, basic_altar,
          lightli_corner_chamber, uniq_sigmund
D:3:      layout_loops_ring
D:4:      layout_basic, nicolae_wu_jian_glorious_leap
D:5:      kb_forest_paths, layout_basic, ebering_ghost_gozag
D:6:      layout_basic, mainiacjoe_overflow_alcove_2, uniq_pikel,
          uniq_crazy_yiuf_cottage, uniq_menkaure
D:7:      layout_loops_cross, minmay_temple_entry_mini_moons, serial_glass,
          glass_columns_b, glass_columns_a, minmay_misc_feat_nine_boxes,
          uniq_duvessa
D:8:      layout_basic, serial_curves, eino_curves_02, eino_curves_04,
          serial_shops, nicolae_shop_overgrown_old_shop, uniq_psyche, uniq_grum
D:9:      lemuel_bear_cage, layout_basic, lair_entry_dummy
D:10:     layout_basic, hellmonk_ghost_big_iron, kennysheep_generic_room_6,
          uniq_urug, uniq_joseph
D:11:     hangedman_cross_cluster, layout_basic, gauntlet_entry_generic,
          okawaru_metal_pillars_1_2
Temple:   mainiacjoe_temple_big_plus

Skill      XL: |  1  2  3  4  5  6  7  8  9 10 11 |
---------------+----------------------------------+-----
Spellcasting   | 3 4 5 6 8 10 12 13 | 13.6
Dodging        | 3 |  3.6
Armour         | 1 |  1.6
Fighting       | |  0.8
Stealth        | |  1.8

Action                   |  1- 3 |  4- 6 |  7- 9 | 10-12 || total
-------------------------+-------+-------+-------+-------++-------
Melee: Staff             |       |     2 |     3 |     4 ||     9
 Cast: Foxfire           |    57 |    39 |    80 |    55 ||   231
       Scorch            |     1 |    15 |    82 |   232 ||   330
       Conjure Flame     |       |     1 |     5 |    22 ||    28
       Flame Wave        |       |       |     2 |     3 ||     5
       Inner Flame       |       |       |     1 |       ||     1
       Animate Dead      |       |       |       |     1 ||     1
  Use: Scroll            |     1 |     4 |     6 |     9 ||    20
       Potion            |       |       |       |     2 ||     2
Armor: Robe              |     5 |     1 |     3 |       ||     9
       Troll leather arm |       |       |       |    10 ||    10
Dodge: Dodged            |    12 |    26 |    26 |   121 ||   185

Table legend: (Time is in decaauts)
 A = Elapsed time spent in this place.
 B = Non-inter-level travel time spent in this place.
 C = Inter-level travel time spent in this place.
 D = Time resting spent in this place.
 E = Time spent auto-exploring this place.
 F = Levels seen in this place.
 G = Mean time per level.
                   A        B        C        D        E       F      G
               +--------+--------+--------+--------+--------+-----+--------+
         Total |  11695 |  11250 |    445 |   1087 |   8413 |  12 |  974.6 |
       Dungeon |  11203 |  10858 |    345 |   1087 |   8031 |  11 | 1018.5 |
        Temple |    491 |    391 |    100 |      0 |    382 |   1 |  491.0 |
               +--------+--------+--------+--------+--------+-----+--------+

Top non-repeatable levels by time:
     D:5: 1779 daAuts
     D:2: 1545 daAuts
     D:6: 1260 daAuts
     D:1: 1183 daAuts
     D:4: 1170 daAuts
     D:3: 1121 daAuts
     D:7: 940 daAuts
    D:10: 875 daAuts
     D:9: 636 daAuts
     D:8: 570 daAuts
  Temple: 491 daAuts
    D:11: 119 daAuts
